 Dungeon Sprint DCSS version 0.29-a0-885-gb26ba3297d (webtiles) character file.

Game seed: 810177154407974490

368 mhtbhm the Protected (level 6, -3/44 HPs)
             Began as a Gargoyle Fighter on July 21, 2022.
             Was an Initiate of Okawaru.
             Slain by a two-headed ogre
             ... wielding a +0 giant club
              (17 damage)
             ... in the Dungeon (Sprint IX: "|||||||||||||||||||||||||||||").
             The game lasted 00:01:17 (303 turns).

mhtbhm the Protected (Gargoyle Fighter)              Turns: 303, Time: 00:01:18

Health: -3/44      AC: 22    Str: 21    XL:     6   Next: 69%
Magic:  5/9        EV:  8    Int:  9    God:    Okawaru [......]
Gold:   0          SH:  5    Dex:  9    Spells: 5/5 levels left

rFire   . . .      SeeInvis .   a - +2 morningstar (vorpal)
rCold   . . .      Faith    .   c - +0 buckler
rNeg    + . .      Spirit   .   b - +0 plate armour
rPois   ∞          Reflect  .   (no helmet)
rElec   +          Harm     .   n - +0 cloak
rCorr   .          Rampage  .   m - +0 pair of gloves
Will    .....      NoTele   +   (no boots)
Stlth   ..........              (no amulet)
HPRegen 0.14/turn               o - +2 ring of protection
MPRegen 0.11/turn               p - +2 ring of evasion

@: no status effects
A: sickness immunity, AC +4, negative energy resistance 1, electricity
resistance, torment resistance 1, petrification resistance
a: Renounce Religion


You were in the Dungeon.
You worshipped Okawaru.
Okawaru was noncommittal.
You visited 1 branch

Inventory:

Hand Weapons
 a - a +2 vorpal morningstar (weapon)
 l - the +5 lochaber axe {reach-cleave, poleaxe}
   (You found it in the Dungeon)

   It can be evoked to extend its reach, and strikes at all foes within reach,
   dealing less damage to those not targeted.
   It uses either Axes or Polearms skill, whichever is higher.
Armour
 b - a +0 plate armour (worn)
 c - a +0 buckler (worn)
 m - a +0 pair of gloves (worn)
 n - a +0 cloak (worn)
Jewellery
 o - a +2 ring of protection (left hand)
 p - a +2 ring of evasion (right hand)
Wands
 k - a wand of light (7)
Scrolls
 i - 2 scrolls of amnesia
 j - 2 scrolls of blinking
Potions
 d - a potion of invisibility
 e - 5 potions of curing
 f - 2 potions of heal wounds
 g - a potion of haste
 h - 4 potions of magic


   Skills:
 + Level 7.4 Fighting
 + Level 6.9 Maces & Flails
 + Level 8.2 Armour
 + Level 1.4 Dodging
 + Level 7.5 Shields
 * Level 4.3 Invocations
 + Level 1.1 Evocations


You had 5 spell levels left.
You didn't know any spells.
Your spell library was empty.

Dungeon Overview and Level Annotations

Branches:
Dungeon (1/1)

Altars:
Cheibriados
Dithmenos
Elyvilon
Fedhas
Gozag
Hepliaklqana
Kikubaaqudgha
Makhleb
Nemelex Xobeh
Okawaru
Qazlal
Ru
Sif Muna
Trog
Uskayaw
Vehumet
Wu Jian
Xom
Yredelemnul
Zin
The Shining One
Jiyva
Lugonu


Innate Abilities, Weirdness & Mutations

You are immune to sickness and miasma.
Your stone body is resilient. (AC +4)
You are immune to poison.
You resist negative energy. (rN+)
You are resistant to electric shocks. (rElec)
You are resistant to unholy torment.
You are immune to petrification.


Message History

The killer bee is heavily wounded.
The killer bee barely misses you. You block the killer bee's attack.
Unknown command.
You hit the killer bee.
The killer bee is severely wounded.
The killer bee stings you but does no damage.
The killer bee stings you.
Unknown command.
You sock the killer bee!
You kill the killer bee!
Okawaru accepts your kill.
The acid dragon bites you but does no damage.
The acid dragon claws you but does no damage.
Your Maces & Flails skill increases to level 6!
Your Shields skill increases to level 7!
Your Invocations skill increases to level 3!
You have reached level 6!
You closely miss the acid dragon.
The acid dragon is severely wounded.
The acid dragon bites you but does no damage.
The acid dragon claws you but does no damage.
Unknown command.
You puncture the acid dragon!
You kill the acid dragon!
Okawaru is honoured by your kill.
Your Fighting skill increases to level 7!
Your Armour skill increases to level 8!
Your Invocations skill increases to level 4!
Your Evocations skill increases to level 1!
You catch the helpless two-headed ogre completely off-guard!
You hit the two-headed ogre.
The two-headed ogre is moderately wounded.
The two-headed ogre is no longer blind.
The two-headed ogre hits you with a +0 giant club!!
The two-headed ogre hits you with a +0 dire flail.
The howler monkey hoots and howls with incredible vigour!
You hit the two-headed ogre.
The two-headed ogre is heavily wounded.
The two-headed ogre hits you with a +0 giant club!
You die...

▓.▓
▓.▓
▓.▓
▓h▓
▓.▓
▓o▓
▓O▓
▓@▓
▓.▓
▓.▓
▓[▓
▓.▓
▓.▓
▓)▓
▓.▓
▓.▓


You could see a two-headed ogre, an orc warrior (blind) and a howler monkey
(catching breath).

Vanquished Creatures
  An acid dragon (D)
  An ice beast (D)
  A killer bee (D)
  A gnoll bouda (D)
  An adder (D)
  A worm (D)
  An orc (D)
  A bat (D)
  A hobgoblin (D)
  A kobold (D)
  A quokka (D)
  A rat (D)
12 creatures vanquished.

Vanquished Creatures (others)
  A shadow (D)
1 creature vanquished.

Grand Total: 13 creatures vanquished

Notes
Turn   | Place    | Note
-------+----------+-------------------------------------------
     0 | D        | mhtbhm the Gargoyle Fighter began the quest for the Orb.
     0 | D        | Reached XP level 1. HP: 14/14 MP: 1/1
    25 | D        | Noticed an ice beast
    25 | D        | Noticed a gnoll bouda
    32 | D        | Killed a gnoll bouda
    33 | D        | Reached skill level 5 in Armour
    33 | D        | Reached XP level 2. HP: 17/20 MP: 2/2
    33 | D        | Reached XP level 3. HP: 21/25 MP: 3/3
    48 | D        | Killed an ice beast
    49 | D        | Reached skill level 6 in Armour
    49 | D        | Reached XP level 4. HP: 15/32 MP: 4/4
    49 | D        | Reached XP level 5. HP: 17/36 MP: 5/5
    54 | D        | Reached skill level 5 in Maces & Flails
    61 | D        | Found a snail-covered altar of Cheibriados.
    61 | D        | Found a shadowy altar of Dithmenos.
    61 | D        | Found a white marble altar of Elyvilon.
    61 | D        | Found a blossoming altar of Fedhas.
    61 | D        | Found an opulent altar of Gozag.
    62 | D        | Found a hazy altar of Hepliaklqana.
    63 | D        | Found a viscous altar of Jiyva.
    64 | D        | Found an ancient bone altar of Kikubaaqudgha.
    65 | D        | Found a corrupted altar of Lugonu.
    66 | D        | Found a burning altar of Makhleb.
    67 | D        | Found a sparkling altar of Nemelex Xobeh.
    68 | D        | Found an iron altar of Okawaru.
    69 | D        | Found a stormy altar of Qazlal.
    70 | D        | Found a sacrificial altar of Ru.
    71 | D        | Found a shimmering blue altar of Sif Muna.
    72 | D        | Found a bloodstained altar of Trog.
    73 | D        | Found a hide-covered altar of Uskayaw.
    74 | D        | Found a radiant altar of Vehumet.
    75 | D        | Found an ornate altar of the Wu Jian Council.
    77 | D        | Became a worshipper of Warmaster Okawaru
   228 | D        | Found a shimmering altar of Xom.
   229 | D        | Found a basalt altar of Yredelemnul.
   230 | D        | Found a glowing silver altar of Zin.
   231 | D        | Found a glowing golden altar of the Shining One.
   239 | D        | Found the +6 Majin-Bo {vamp, MP+6 Int+6}
   239 | D        | Found the +5 lochaber axe {reach-cleave, poleaxe}
   293 | D        | Noticed an orc warrior
   293 | D        | Noticed a two-headed ogre
   293 | D        | Noticed an acid dragon
   293 | D        | Noticed a shadow
   296 | D        | Killed a shadow
   297 | D        | Reached skill level 7 in Armour
   297 | D        | Reached skill level 1 in Dodging
   300 | D        | Reached XP level 6. HP: 36/42 MP: 5/8
   301 | D        | Killed an acid dragon
   302 | D        | Reached skill level 8 in Armour
   302 | D        | Reached skill level 1 in Evocations
   303 | D        | Slain by a two-headed ogre

Illustrated notes

Levels and vault maps discovered:
D:        linesprint [early_d, line_temple, items_1, d_10, items_2, lair_1,
          lair_end, items_3, orc_1, orc_end, items_4, d_15, swamp_1, shoals_1,
          snake_1, spider_1, d_20, vaults_1, items_5, swamp_end, shoals_end,
          snake_end, spider_end, vaults_end, d_27, items_6, zot_1, zot_end,
          crypt_end, forest_end, elf_end, slime_end, tomb_end, abyss_end,
          pan_hell_end]

Skill      XL: |  1  2  3  4  5  6 |
---------------+-------------------+-----
Fighting       | 4 6 7 |  7.4
Maces & Flails | 3 4 6 |  6.9
Armour         | 5 6 7 8 |  8.2
Shields        | 4 6 7 |  7.5
Dodging        | 1 |  1.4
Invocations    | 3 4 |  4.3
Evocations     | 1 |  1.1

Action                   |  1- 3 |  4- 6 || total
-------------------------+-------+-------++-------
Melee: Flail             |    35 |     6 ||    41
       Morningstar       |       |     7 ||     7
Evoke: Wand              |       |     3 ||     3
  Use: Potion            |     3 |       ||     3
 Stab: Invisible         |       |     1 ||     1
Armor: Scale mail        |    12 |     3 ||    15
       Plate armour      |       |     5 ||     5
Dodge: Dodged            |    13 |     3 ||    16
Block: Buckler           |     5 |     4 ||     9

Table legend: (Time is in decaauts)
 A = Elapsed time spent in this place.
 B = Non-inter-level travel time spent in this place.
 C = Inter-level travel time spent in this place.
 D = Time resting spent in this place.
 E = Time spent auto-exploring this place.
 F = Levels seen in this place.
 G = Mean time per level.
                   A        B        C        D        E       F      G
               +--------+--------+--------+--------+--------+-----+--------+
         Total |    321 |    321 |      0 |      0 |    153 |   1 |  321.0 |
       Dungeon |    321 |    321 |      0 |      0 |    153 |   1 |  321.0 |
               +--------+--------+--------+--------+--------+-----+--------+

Top non-repeatable levels by time:
       D: 321 daAuts
